 Dungeon Crawl Stone Soup version 0.21.1-1-g345015f (webtiles) character file.

7141 LostNumber the Grappler (level 11, -16/100 HPs)
             Began as a Ghoul Chaos Knight on June 15, 2018.
             Killed from afar by a storm dragon (29 damage)
             ... with a bolt of lightning
             ... on level 10 of the Dungeon.
             The game lasted 00:27:46 (10200 turns).

LostNumber the Grappler (Ghoul Chaos Knight)       Turns: 10200, Time: 00:27:47

Health: -16/100    AC: 11    Str: 20    XL:     11   Next: 10%
Magic:  10/10      EV: 11    Int:  7    God:    Xom [......]
Gold:   614        SH:  0    Dex:  8    Spells: 10/10 levels left

rFire    . . .     SeeInvis .     - Unarmed
rCold    + + .     Gourm    .   (no shield)
rNeg     + + +     Faith    .   A - +3 scale mail {rC+}
rPois    ∞         Spirit   .   f - +1 hat
rElec    .         Reflect  .   (no cloak)
rCorr    +         Harm     .   (no gloves)
MR       .....                  (no boots)
Stlth    ..........             (no amulet)
HPRegen  0.00/turn              i - ring of wizardry
MPRegen  0.12/turn              n - ring of resist corrosion

@: rotting
A: rotting body, claws 1, carnivore, cold resistance 1, negative energy
resistance 3, inhibited regeneration, torment resistance, unbreathing
a: Renounce Religion


You were on level 10 of the Dungeon.
You worshipped Xom.
You were a very special plaything of Xom.
You were not hungry.

You visited 1 branch of the dungeon, and saw 11 of its levels.
You also visited: Sewer.

You collected 614 gold pieces.

Inventory:

Armour
 a - a +2 leather armour
 c - a +0 shield
 f - a +1 hat (worn)
 A - a +3 scale mail of cold resistance (worn)
 E - a +1 pair of gloves
Jewellery
 i - a ring of wizardry (left claw)
 n - a ring of resist corrosion (right claw)
 u - an uncursed ring of ice
Wands
 g - a wand of random effects (36)
 B - a wand of polymorph (26)
 D - a wand of scattershot (6)
Scrolls
 d - a scroll of blinking
 e - 2 scrolls of fog
 k - 2 scrolls of amnesia {unknown}
 l - 2 scrolls of enchant weapon
 m - a scroll of teleportation
 o - a scroll of fear {unknown}
 q - 5 scrolls of enchant armour {unknown}
 s - 2 scrolls of remove curse
 y - a scroll of silence {unknown}
 C - a scroll of noise {unknown}
 J - a scroll of holy word {unknown}
 Q - 3 scrolls of brand weapon {unknown}
Potions
 j - 3 potions of mutation
 p - 2 potions of resistance
 r - 5 potions of curing
 t - 3 potions of magic
 v - 3 potions of might {unknown}
 w - 3 potions of berserk rage {unknown}
 K - a potion of haste {unknown}
 M - a potion of agility {unknown}
 P - 2 potions of flight {unknown}
Books
 x - a book of Necromancy

   Spells                             Type                      Level
   a - Pain                           Necromancy                   1
   b - Animate Skeleton               Necromancy                   1
   c - Vampiric Draining              Necromancy                   3
   d - Regeneration                   Charms/Necromancy            3
   e - Animate Dead                   Necromancy                   4
   f - Borgnjor's Vile Clutch         Necromancy/Earth             5
 H - a book of Flames

   Spells                             Type                      Level
   a - Flame Tongue                   Conjuration/Fire             1
   b - Throw Flame                    Conjuration/Fire             2
   c - Conjure Flame                  Conjuration/Fire             3
   d - Inner Flame                    Hexes/Fire                   3
   e - Sticky Flame                   Conjuration/Fire             4
   f - Fireball                       Conjuration/Fire             5
 I - a book of Power

   Spells                             Type                      Level
   a - Iskenderun's Battlesphere      Conjuration/Charms           5
   b - Venom Bolt                     Conjuration/Poison           5
   c - Bolt of Magma                  Conjuration/Fire/Earth       5
   d - Iron Shot                      Conjuration/Earth            6
   e - Orb of Destruction             Conjuration                  7
   f - Spellforged Servitor           Conjuration/Summoning        7
 L - a book of Maledictions

   Spells                             Type                      Level
   a - Corona                         Hexes                        1
   b - Ensorcelled Hibernation        Hexes/Ice                    2
   c - Confuse                        Hexes                        3
   d - Tukima's Dance                 Hexes                        3
   e - Dazzling Spray                 Conjuration/Hexes            3
 O - a book of Frost

   Spells                             Type                      Level
   a - Freeze                         Ice                          1
   b - Throw Frost                    Conjuration/Ice              2
   c - Ozocubu's Armour               Charms/Ice                   3
   d - Throw Icicle                   Conjuration/Ice              4
   e - Summon Ice Beast               Ice/Summoning                4
Comestibles
 b - 26 rations
 h - 2 chunks of flesh


   Skills:
 + Level 10.2 Fighting
 + Level 4.4 Armour
 + Level 4.0 Dodging
 + Level 1.7 Shields
 * Level 13.5 Unarmed Combat


You had 10 spell levels left.
You didn't know any spells.

Dungeon Overview and Level Annotations

Branches:
Dungeon (11/15)            Temple (0/1) D:5            Lair (0/6) D:10
    Orc: D:9-12

Altars:
Ashenzari
Elyvilon
Gozag
Kikubaaqudgha
Makhleb
Nemelex Xobeh
Qazlal
Ru
Sif Muna
Trog
Vehumet
Wu Jian
Xom
Zin

Shops:
D:7 *   D:11 (

Annotations:
D:3 sking99's ghost, weakling HOFi
D:4 1 runed door, Abmis123's ghost, amateur HONe
D:5 Iko's ghost, weakling FoHu


Innate Abilities, Weirdness & Mutations

Your body is rotting away.
You thrive on raw meat.
You are immune to poison.
You have sharp fingernails.
You are carnivorous and can eat meat at any time.
Your flesh is cold resistant. (rC+)
You are immune to negative energy. (rN+++)
You do not regenerate when monsters are visible.
You are immune to unholy pain and torment.
You can survive without breathing.


Message History

The death yak is severely wounded.
You hear Xom's avuncular chuckle.
The death yak evaporates and reforms as a storm dragon!
You are now a very special plaything of Xom.
You scratch the storm dragon but do no damage.
The storm dragon is moderately wounded.
The storm dragon breathes lightning at you.
The bolt of lightning hits you!
You scratch the storm dragon but do no damage.
The storm dragon is moderately wounded.
The storm dragon bites you!
The storm dragon claws you but does no damage.
The storm dragon tramples you.
You stumble backwards!
The storm dragon breathes lightning at you.
The bolt of lightning hits you!
* * * LOW HITPOINT WARNING * * *
The storm dragon breathes lightning at you.
The bolt of lightning hits you!
You die...
Xom snickers!

####.## #.# # ##.#.. # #.# ##.#
#.##.#.. # #.# #..# #....... #
##'## #.## ####.... ###...## #.#
######.#.. ##.....## ##.#
#......#.. #.......## ##..#
#.###..##(
.........####...########.# #..###
.....}...'......@.D.Y....###....Y
.........####...########......###
#.......## ##..##### ###.#.##
##.....## #......# #.### ##...##
#<.###.# #.. ##'## #..# #.# ####
#.# #..###.# #.# #...##.# ##.##
######.#.##.#


You could see a storm dragon and a death yak.

Vanquished Creatures
  2 death yaks (D:10)
  A manticore (D:11)
  A kobold demonologist (D:11)
  2 hippogriffs
  Sigmund (D:6)
  A spriggan (D:7)
  A wyvern (D:9)
  A steam dragon (shapeshifter) (D:11)
  Edmund (D:4)
  A soldier ant (D:11)
  An ice beast (D:10)
  2 orc warriors
  A hornet zombie (D:8)
  A phantom (D:9)
  A necrophage (D:6)
  2 centaurs
  2 ogres
  3 big kobolds (Sewer)
  5 bullfrogs
  A wyvern skeleton (D:8)
  8 killer bees
  6 howler monkeys
  4 crimson imps
  3 centaur skeletons
  5 jellies
  2 bullfrog skeletons (D:9)
  15 orc priests
  4 hounds
  7 orc wizards
  3 iguanas
  Natasha (thrice) (D:4)
  7 worker ants
  A hound zombie (D:7)
  A river rat (D:5)
  11 adders
  8 gnolls
  2 shadow imps (D:5)
  An ooze (Sewer)
  11 worms
  2 dart slugs
  3 leopard geckos
  40 orcs
  9 bats
  5 giant cockroaches
  9 goblins
  9 hobgoblins
  10 jackals
  A quokka (D:8)
  7 ball pythons
  2 frilled lizards
  8 kobolds
  2 leopard gecko skeletons
  A leopard gecko zombie (D:9)
  14 rats
  A fungus (D:4)
256 creatures vanquished.

Vanquished Creatures (collateral kills)
  A centaur skeleton (D:11)
  An orc warrior (D:6)
  A crimson imp (D:6)
3 creatures vanquished.

Grand Total: 259 creatures vanquished

Notes
Turn   | Place    | Note
-------+----------+-------------------------------------------
     0 | D:1      | LostNumber the Ghoul Chaos Knight began the quest for the Orb.
     0 | D:1      | Reached XP level 1. HP: 19/19 MP: 0/0
    37 | D:1      | XOM: harmless Fire miscast
    40 | D:1      | Reached XP level 2. HP: 20/26 MP: 1/1
   107 | D:1      | XOM: butterfly on damage
   118 | D:1      | XOM: potion effect (haste)
   121 | D:1      | XOM: smoke on damage
   130 | D:1      | Reached skill level 4 in Unarmed Combat
   217 | D:1      | Reached XP level 3. HP: 25/32 MP: 2/2
   300 | D:1      | XOM: divination: detect items
   696 | D:2      | XOM: divination: magic mapping
   751 | D:2      | Reached XP level 4. HP: 36/40 MP: 3/3
   893 | D:2      | Found a faded altar of an unknown god.
   982 | D:2      | XOM is BORED!
   982 | D:2      | XOM: noise
  1046 | D:2      | Found an ancient bone altar of Kikubaaqudgha.
  1132 | D:2      | XOM: scenery: create altars
  1284 | D:2      | Reached skill level 5 in Unarmed Combat
  1330 | D:3      | XOM: scenery: create altars
  1342 | D:3      | XOM: confusion (+ monsters)
  1347 | D:3      | XOM: snakes to sticks
  1430 | D:2      | XOM: summons 2 hostile demons
  1448 | D:2      | XOM: harmless Chrm miscast
  1573 | D:2      | XOM: medium Hex miscast
  1690 | D:2      | Reached XP level 5. HP: 44/47 MP: 4/4
  1743 | D:3      | Noticed sking99's ghost (weakling HOFi)
  1755 | D:3      | XOM: enchant monster (bad)
  1765 | D:3      | XOM: confusion
  1782 | D:3      | XOM: cleaving
  1785 | D:3      | XOM: silly message
  2135 | D:3      | XOM: medium Tmut miscast
  2532 | D:4      | XOM: medium Air miscast
  2613 | D:4      | XOM: noise
  2625 | D:4      | Reached skill level 6 in Unarmed Combat
  2784 | D:4      | Noticed Natasha
  2792 | D:4      | Killed Natasha
  2792 | D:4      | Reached XP level 6. HP: 44/55 MP: 5/5
  2913 | D:4      | Noticed Edmund
  2928 | D:4      | XOM: mild Conj miscast
  2952 | D:4      | Killed Edmund
  2952 | D:4      | Reached skill level 5 in Fighting
  3172 | D:4      | Noticed Natasha
  3176 | D:4      | Killed Natasha
  3176 | D:4      | Reached skill level 7 in Unarmed Combat
  3235 | D:4      | Noticed Natasha
  3236 | D:4      | XOM: summons 3 hostile demons
  3240 | D:4      | Killed Natasha
  3240 | D:4      | Reached XP level 7. HP: 59/61 MP: 6/6
  3243 | D:4      | XOM: smoke on damage
  3306 | D:4      | Found a runed door.
  3335 | D:4      | Noticed Abmis123's ghost (amateur HONe)
  3349 | D:5      | Entered Level 5 of the Dungeon
  3377 | D:5      | Found a glowing drain.
  3381 | Sewer    | Entered a sewer
  3456 | Sewer    | XOM: blink monster(s)
  3741 | Sewer    | Reached skill level 8 in Unarmed Combat
  3772 | Sewer    | XOM: harmless Summ miscast
  3986 | D:5      | XOM: harmless Hex miscast
  4006 | D:5      | Noticed a moth of wrath
  4008 | D:5      | Found a bloodstained altar of Trog.
  4149 | D:5      | XOM: 7-stop teleportation journey
  4171 | D:5      | Noticed Iko's ghost (weakling FoHu)
  4180 | D:5      | XOM: enchant monster (good)
  4188 | D:5      | XOM: smoke on damage
  4198 | D:5      | Reached XP level 8. HP: 30/71 MP: 7/7
  4345 | D:5      | XOM: 2-stop teleportation journey
  4352 | D:5      | Found a staircase to the Ecumenical Temple.
  4434 | D:5      | Found a radiant altar of Vehumet.
  4435 | D:5      | Found a burning altar of Makhleb.
  4614 | D:5      | XOM: confusion (+ monsters)
  4656 | D:5      | Found a faded altar of an unknown god.
  4656 | D:5      | Found a faded altar of an unknown god.
  4665 | D:5      | Found a deep blue altar of Sif Muna.
  4673 | D:5      | Reached skill level 9 in Unarmed Combat
  4675 | D:5      | Found a glowing silver altar of Zin.
  4683 | D:5      | Found a stormy altar of Qazlal.
  4995 | D:5      | XOM is BORED!
  4995 | D:5      | XOM: harmless Chrm miscast
  5112 | D:6      | XOM: summons 4 friendly demons
  5177 | D:6      | Found a white marble altar of Elyvilon.
  5525 | D:6      | XOM: summons 1 hostile shadow creature
  5535 | D:6      | XOM: harmless Conj miscast
  5639 | D:6      | XOM: mild Tmut miscast
  5657 | D:6      | Found a sparkling altar of Nemelex Xobeh.
  5668 | D:6      | Reached skill level 10 in Unarmed Combat
  5737 | D:6      | XOM: harmless Summ miscast
  5766 | D:6      | Noticed Sigmund
  5768 | D:6      | XOM: divination: detect creatures
  5786 | D:6      | Killed Sigmund
  5791 | D:6      | Reached XP level 9. HP: 50/80 MP: 8/8
  5986 | D:7      | Found an ornate altar of the Wu Jian Council.
  6040 | D:7      | XOM: confuse monster(s)
  6054 | D:7      | Found Gozag's Platinum Reserve.
  6054 | D:7      | Found an opulent altar of Gozag.
  6253 | D:6      | XOM: scenery: create altars
  6268 | D:6      | XOM: cloud trail
  6447 | D:5      | XOM: harmless Pois miscast
  6558 | D:6      | Reached skill level 11 in Unarmed Combat
  6669 | D:6      | XOM: divination: detect creatures
  6674 | D:6      | XOM: enchant monster (bad)
  6868 | D:7      | XOM: cast spell 'Disjunction'
  7463 | D:8      | XOM: cast spell 'Dispersal'
  7470 | D:8      | Reached skill level 12 in Unarmed Combat
  7475 | D:8      | Reached skill level 1 in Dodging
  7808 | D:8      | XOM: mild Fire miscast
  7810 | D:8      | XOM: divination: detect creatures
  7822 | D:8      | XOM: confuse monster(s)
  7831 | D:8      | Reached XP level 10. HP: 45/91 MP: 9/9
  8080 | D:8      | XOM: mild Fire miscast
  8168 | D:8      | XOM: mild Erth miscast
  8299 | D:8      | XOM is BORED!
  8299 | D:8      | XOM: medium Chrm miscast
  8467 | D:9      | XOM: noise
  8549 | D:9      | Found a sacrificial altar of Ru.
  8574 | D:9      | Noticed a yaktaur captain
  8741 | D:9      | XOM: mild Chrm miscast
  8756 | D:9      | Found a shattered altar of Ashenzari.
  8860 | D:9      | XOM: scenery: create altars
  8904 | D:9      | XOM: stat loss: -1 Str (19/20)
  8986 | D:9      | XOM: mild Conj miscast
  9039 | D:10     | Entered Level 10 of the Dungeon
  9047 | D:10     | XOM: mild Erth miscast
  9054 | D:10     | XOM: 4-stop teleportation journey
  9337 | D:10     | Noticed a death yak
  9338 | D:10     | Noticed a death yak
  9338 | D:10     | Found a staircase to the Lair.
  9339 | D:10     | XOM: enchant monster (bad)
  9350 | D:10     | XOM: 2-stop teleportation journey
  9474 | D:10     | Noticed a death yak
  9535 | D:10     | XOM: confuse monster(s)
  9595 | D:10     | Noticed a death yak
  9606 | D:10     | Noticed a death yak
  9614 | D:10     | Noticed a death yak
  9629 | D:10     | XOM: confusion (+ monsters)
  9649 | D:10     | XOM: harmless Tmut miscast
  9650 | D:10     | XOM: enchant monster (good)
  9663 | D:10     | Killed a death yak
  9663 | D:10     | Reached skill level 13 in Unarmed Combat
  9669 | D:10     | XOM: fog
  9690 | D:11     | Found Velug's Antique Weapon Boutique.
  9690 | D:11     | Noticed a kobold demonologist
  9692 | D:11     | XOM: scenery: create altars
  9695 | D:11     | Killed a kobold demonologist
  9697 | D:11     | XOM: summons 10 friendly demons
  9702 | D:11     | Reached skill level 10 in Fighting
  9743 | D:11     | Noticed Maurice
  9744 | D:11     | Noticed Maurice
  9744 | D:11     | Maurice changed into Maurice the soldier ant
  9747 | D:11     | XOM: chaos cloud
  9759 | D:11     | Killed Maurice the soldier ant
  9763 | D:11     | XOM: summons 2 hostile shadow creatures
  9819 | D:11     | Noticed a manticore
  9824 | D:11     | Killed a manticore
  9824 | D:11     | Reached skill level 1 in Shields
  9845 | D:11     | Reached XP level 11. HP: 71/99 MP: 10/10
  9859 | D:11     | Noticed a seven-headed hydra
  9938 | D:10     | XOM: enchant monster (good)
  9951 | D:10     | Killed a death yak
 10195 | D:10     | Noticed a storm dragon
 10195 | D:10     | a death yak changed into a storm dragon
 10195 | D:10     | XOM: polymorph death yak -> storm dragon
 10200 | D:10     | Killed from afar by a storm dragon

Skill      XL: |  1  2  3  4  5  6  7  8  9 10 11 |
---------------+----------------------------------+-----
Unarmed Combat | 4 5 6 7 8 10 12 13 | 13.5
Fighting       | 4 5 6 7 9 10 | 10.2
Dodging        | 1 3 4 |  4.0
Armour         | 2 4 |  4.4
Shields        | 1 |  1.7

Action                   |  1- 3 |  4- 6 |  7- 9 | 10-12 || total
-------------------------+-------+-------+-------+-------++-------
Melee: Unarmed           |    92 |   245 |   606 |   211 ||  1154
       Punch             |       |     5 |    24 |    11 ||    40
Evoke: Wand              |       |       |       |     1 ||     1
  Use: Scroll            |       |     2 |    10 |     3 ||    15
       Potion            |       |       |       |     1 ||     1
  Eat: Chunk             |     8 |    11 |    21 |    13 ||    53
Armor: Leather armour    |    26 |    62 |       |       ||    88
       Scale mail        |       |    11 |   299 |    81 ||   391
Dodge: Dodged            |    50 |   123 |   292 |    76 ||   541
